 Dungeon Crawl Stone Soup version 0.28-a0-313-gbc0475efdd (webtiles) character file.

Game seed: 6001421215764089175

7242 robertstho the Cleaver (level 10, -8/93 HPs)
             Began as a Minotaur Fighter on Aug 31, 2021.
             Was an Initiate of Okawaru.
             Killed by vampiric draining
             ... invoked by a vampire
              (15 damage)
             ... on level 9 of the Dungeon.
             The game lasted 00:13:51 (10914 turns).

robertstho the Cleaver (Minotaur Fighter)          Turns: 10914, Time: 00:13:52

Health: -8/93      AC: 23    Str: 24    XL:     10   Next: 88%
Magic:  0/9        EV:  7    Int:  5    God:    Okawaru [......]
Gold:   609        SH:  9    Dex: 10    Spells: 9/9 levels left

rFire   + . .      SeeInvis .   a - +0 war axe
rCold   + . .      Faith    .   c - +0 kite shield
rNeg    . . .      Spirit   +   w - +0 plate armour
rPois   .          Reflect  .   (helmet restricted)
rElec   +          Harm     .   h - +2 cloak
rCorr   +          Rampage  .   f - +2 pair of gloves
Will    +....                   x - +0 pair of boots
Stlth   ..........              y - amulet "Yweadem" {Spirit rElec}
HPRegen 0.25/turn               d - ring of willpower
MPRegen 0.11/turn               r - ring "Lyguo" {Wiz rF+ rC+ rCorr}

@: no status effects
A: horns 2, retaliatory headbutt
a: Renounce Religion


You were on level 9 of the Dungeon.
You worshipped Okawaru.
Okawaru was noncommittal.
You visited 2 branches of the dungeon, and saw 10 of its levels.
You also visited: Ossuary.

You collected 609 gold pieces.

Inventory:

Hand Weapons
 a - a +0 war axe (weapon)
 s - a +4 scimitar of flaming
Armour
 c - a +0 kite shield (worn)
 f - a +2 pair of gloves (worn)
 h - a +2 cloak (worn)
 w - a +0 plate armour (worn)
 x - a +0 pair of boots (worn)
Jewellery
 b - a ring of fire
 d - a ring of willpower (left hand)
 l - an amulet of guardian spirit
 r - the ring "Lyguo" (right hand) {Wiz rF+ rC+ rCorr}
   (You acquired it on level 6 of the Dungeon)

   [ring of wizardry]

   It improves your spell success rate.
   rF:        It protects you from fire.
   rC:        It protects you from cold.
   rCorr:     It protects you from acid and corrosion.
 y - the amulet "Yweadem" (around neck) {Spirit rElec}
   (You took it off a centaur on level 7 of the Dungeon)

   [amulet of guardian spirit]

   It causes incoming damage to be divided between your reserves of health and
   magic.
   rElec:     It insulates you from electricity.
 B - an amulet of the acrobat
Wands
 o - a wand of iceblast (5)
 D - a wand of flame (14)
Scrolls
 g - a scroll of silence
 i - 2 scrolls of enchant armour
 j - 3 scrolls of immolation
 p - 2 scrolls of vulnerability
 A - 3 scrolls of identify
Potions
 m - 2 potions of mutation
 n - 2 potions of brilliance
 q - 2 potions of heal wounds
 u - a potion of lignification
 C - a potion of curing


   Skills:
 * Level 10.2 Fighting
 + Level 11.7 Axes
 * Level 10.7 Armour
 + Level 3.8 Dodging
 + Level 1.5 Stealth
 + Level 7.8 Shields
 * Level 0.2 Invocations
 + Level 0.2 Evocations


You had 9 spell levels left.
You didn't know any spells.
Your spell library contained the following spells:

 Spells                   Type           Power      Damage    Failure   Level
 Apportation              Tloc           0%         N/A       99%         1
 Beastly Appendage        Tmut           0%         N/A       99%         1
 Corona                   Hex            0%         N/A       99%         1
 Blink                    Tloc           N/A        N/A       100%        2
 Ensorcelled Hibernation  Hex/Ice        0%         N/A       100%        2
 Wereblood                Tmut           0%         N/A       100%        2
 Dazzling Flash           Conj/Hex       0%         N/A       100%        3
 Lesser Beckoning         Tloc           0%         N/A       100%        3
 Spider Form              Tmut/Pois      0%         N/A       100%        3
 Agony                    Necr           0%         N/A       100%        5
 Manifold Assault         Tloc           0%         N/A       100%        5
 Silence                  Hex/Air        0%         N/A       100%        5
 Animate Skeleton         Necr           Unusable   N/A       N/A         1
 Summon Small Mammal      Summ           Unusable   N/A       N/A         1
 Tukima's Dance           Hex            Unusable   N/A       N/A         3

Dungeon Overview and Level Annotations

Branches:
Dungeon (9/15)             Temple (1/1) D:6         Ossuary (visited)
   Lair: D:8-11         Orc: D:9-12

Altars:
Ashenzari
Cheibriados
Dithmenos
Elyvilon
Fedhas
Gozag
Hepliaklqana
Kikubaaqudgha
Makhleb
Nemelex Xobeh
Okawaru
Qazlal
Ru
Sif Muna
Trog
Uskayaw
Vehumet
Wu Jian
Xom
Yredelemnul
Zin
The Shining One

Annotations:
D:8 Harold


Innate Abilities, Weirdness & Mutations

You have a pair of horns on your head.
You reflexively headbutt those who attack you in melee.


Message History

Something bites you but does no damage.
You slash something! You headbutt something.
Something hits you but does no damage. Something bites you.
Something draws strength from your injuries!
You miss something. You headbutt something.
Something hits you but does no damage. Something bites you but does no damage.
You closely miss something. Something hits you but does no damage.
Something bites you but does no damage.
You miss something. Your headbutt misses something.
Something draws life force from you!
You hit something. Something hits you! Something bites you but does no damage.
You hit something but do no damage. Something hits you.
Something bites you but does no damage.
You slash something! Your headbutt misses something.
Something draws life force from you.
You hit something but do no damage. Something hits you.
Something bites you but does no damage.
You miss something. Your headbutt misses something.
Something hits you but does no damage. Something bites you but does no damage.
You miss something. Something draws life force from you!!
* * * LOW HITPOINT WARNING * * *
You slash something! Something hits you but does no damage.
Something bites you but does no damage. Something draws life force from you!
* * * LOW HITPOINT WARNING * * *
You barely miss something. Something hits you but does no damage.
Something bites you but does no damage.
You hit something but do no damage. You headbutt something!
You hear some strange, mumbled words.
Something tries to affect you, but you resist.
You closely miss something.
You hear some strange, mumbled words.
Something tries to affect you, but you resist.
You hit something but do no damage. You headbutt something. Something hits you.
* * * LOW HITPOINT WARNING * * *
You block something's attack.
You barely miss something. Something draws life force from you!
* * * LOW HITPOINT WARNING * * *
You closely miss something. You headbutt something.
Something draws life force from you!
You die...

..###..##.....# #
..###'###....####### ##
........#....##....## #.
........#...........# ### #.
........#...........# #.#######
........'..........######......##
...................##...#........
.##...###...##.....##............
###.#.#[#.#.###.@..'....##.....##
###...#.#...###.{..#....##...(.##
...###...###.......##....#.......
.#.#.#.#.#.#.#..'####.>..#.......
...##.#.#.##.......#....##.....##
###..#.#.#..###....#....##.....##
#[..#.#.#.#...#....#...........##
###..#.#.#..###....#............'
...##.#.#.##.......+..[.........#


There were no monsters in sight!

Vanquished Creatures
  Erica (D:8)
  Pikel (D:6)
  2 hornets (D:9)
  Prince Ribbit (D:8)
  Grinder (D:3)
  5 yaks (D:5)
  Sigmund (D:3)
  3 wraiths
  3 steam dragons
  Duvessa (D:7)
  2 water moccasins
  2 orc warriors
  4 ice beasts
  A sky beast (D:6)
  An ogre (D:4)
  6 centaurs
  A lemure (D:6)
  A kobold brigand (D:7)
  4 bullfrogs
  7 scorpions
  2 elf skeletons (D:5)
  Dowan (D:7)
  A water moccasin skeleton (D:6)
  A killer bee (D:9)
  8 wights
  4 howler monkeys
  A centaur zombie (D:8)
  A jelly (D:6)
  A bullfrog zombie (D:5)
  Crazy Yiuf (D:6)
  A bullfrog skeleton (D:6)
  A hound (D:4)
  A centaur skeleton (D:6)
  A human zombie (D:5)
  2 orc priests
  Natasha (D:3)
  A human skeleton (D:5)
  An orc wizard (D:6)
  A killer bee zombie (D:8)
  2 hound skeletons (D:5)
  Robin (D:3)
  A howler monkey skeleton (D:6)
  7 adders
  A gnoll (D:1)
  A shadow imp (D:7)
  A white imp (D:6)
  2 adder skeletons
  2 dart slugs (D:1)
  14 orcs
  3 endoplasms
  3 giant cockroaches
  17 goblins
  8 hobgoblins
  6 jackals
  10 kobolds
  2 quokkas (D:1)
  10 ball pythons
  A ball python skeleton (D:3)
  6 bats
  4 frilled lizards
  3 hobgoblin skeletons (Ossuary)
  2 hobgoblin zombies (Ossuary)
  3 orc skeletons
  An orc zombie (Ossuary)
  5 rats
195 creatures vanquished.

Vanquished Creatures (others)
  A human (D:8)
1 creature vanquished.

Grand Total: 196 creatures vanquished

Notes
Turn   | Place    | Note
-------+----------+-------------------------------------------
     0 | D:1      | robertstho the Minotaur Fighter began the quest for the
                  | Orb.
     0 | D:1      | Reached XP level 1. HP: 19/19 MP: 0/0
   231 | D:1      | Reached XP level 2. HP: 27/27 MP: 1/1
   561 | D:1      | Reached XP level 3. HP: 19/34 MP: 2/2
  1490 | D:2      | Found a bloodstained altar of Trog.
  1569 | D:2      | Reached skill level 3 in Axes
  1957 | D:2      | Reached XP level 4. HP: 41/41 MP: 3/3
  2154 | D:3      | Identified the +2 helmet of Precision Catastrophes
                  | {*Corrode rElec rF+ rC+}
  2154 | D:3      | Noticed Robin
  2170 | D:3      | Killed Robin
  2644 | D:3      | Noticed Grinder
  2644 | D:3      | Paralysed by Grinder for 7 turns
  2653 | D:3      | Paralysed by Grinder for 4 turns
  2660 | D:3      | Killed Grinder
  2661 | D:3      | Reached skill level 5 in Fighting
  2661 | D:3      | Reached skill level 4 in Axes
  2661 | D:3      | Reached skill level 5 in Armour
  2661 | D:3      | Reached skill level 1 in Dodging
  2661 | D:3      | Reached XP level 5. HP: 8/48 MP: 4/4
  2661 | D:3      | Reached XP level 6. HP: 9/56 MP: 5/5
  2997 | D:3      | Noticed Natasha
  3006 | D:3      | Killed Natasha
  3020 | D:3      | Noticed Sigmund
  3036 | D:3      | Killed Sigmund
  3037 | D:3      | Reached skill level 5 in Axes
  3976 | D:4      | Reached XP level 7. HP: 61/61 MP: 6/6
  4357 | D:5      | Entered Level 5 of the Dungeon
  4514 | D:5      | Found a sand-covered staircase.
  4521 | Ossuary  | Entered an ossuary
  4655 | Ossuary  | Reached skill level 6 in Axes
  4723 | Ossuary  | Noticed a wraith
  4723 | Ossuary  | Noticed a flying skull
  4730 | Ossuary  | Noticed a flying skull
  4749 | Ossuary  | Noticed a flying skull
  4759 | Ossuary  | Noticed a flying skull
  4766 | Ossuary  | Noticed a wraith
  4770 | Ossuary  | Killed a wraith
  4771 | Ossuary  | Reached skill level 5 in Shields
  4771 | Ossuary  | Reached XP level 8. HP: 70/70 MP: 7/7
  4804 | Ossuary  | Reached skill level 7 in Axes
  4844 | Ossuary  | Identified a scroll of acquirement
  5147 | D:5      | Found a snail-covered altar of Cheibriados.
  5148 | D:5      | Found an opulent altar of Gozag.
  5148 | D:5      | Found a blossoming altar of Fedhas.
  5149 | D:5      | Found a burning altar of Makhleb.
  5337 | D:5      | Reached skill level 8 in Axes
  5339 | D:5      | Reached skill level 1 in Stealth
  5592 | D:5      | Reached XP level 9. HP: 60/79 MP: 8/8
  5605 | D:5      | Reached skill level 9 in Axes
  6529 | D:6      | Found a staircase to the Ecumenical Temple.
  6589 | D:6      | Noticed Pikel
  6601 | D:6      | Killed Pikel
  6602 | D:6      | Reached skill level 10 in Axes
  6688 | D:6      | Found a runed translucent door.
  6689 | D:6      | Noticed Crazy Yiuf
  6936 | D:6      | Reached XP level 10. HP: 74/90 MP: 9/9
  7093 | D:6      | Killed Crazy Yiuf
  7317 | D:6      | Acquired the ring "Lyguo" {Wiz rF+ rC+ rCorr}
  7775 | D:7      | Identified the amulet "Yweadem" {Spirit rElec}
  7826 | D:7      | Noticed Duvessa
  7826 | D:7      | Noticed Dowan
  7834 | D:7      | Killed Duvessa
  7839 | D:7      | Killed Dowan
  8170 | Temple   | Entered the Ecumenical Temple
  8482 | D:8      | Noticed Erica
  8501 | D:8      | Killed Erica
  8502 | D:8      | Reached skill level 11 in Axes
  8502 | D:8      | Reached skill level 10 in Armour
  9073 | D:8      | Found an ancient bone altar of Kikubaaqudgha.
  9135 | D:8      | Noticed Prince Ribbit
  9144 | D:8      | Killed Prince Ribbit
  9321 | D:8      | Noticed Harold
  9704 | D:9      | Paralysed by a hornet for 3 turns
  9709 | D:9      | Reached skill level 10 in Fighting
 10348 | D:9      | Found an iron altar of Okawaru.
 10348 | D:9      | Found a stormy altar of Qazlal.
 10465 | D:9      | Became a worshipper of Warmaster Okawaru
 10914 | D:9      | Killed from afar by a vampire

Illustrated notes

Levels and vault maps discovered:
D:1:      lemuel_arrival_hallway, layout_basic, minmay_misc_feat_five,
          hangedman_decor_push, minmay_pentomino_v2
D:2:      layout_loops_ring, basic_altar, minmay_misc_feat_ornament,
          ebering_dispersal_statue_hall, minmay_indecisive_spiral
D:3:      layout_loops_ring, nrook_campfire, minmay_distorted, uniq_robin,
          uniq_sigmund, uniq_natasha, uniq_grinder
D:4:      layout_basic
D:5:      kennysheep_spiral_hall, layout_gridville,
          chequers_temple_overflow_statue_of_worship,
          nicolae_ossuary_entry_catacombs
D:6:      minmay_inner_zag, layout_rooms, minmay_temple_entry_metal_lava,
          serial_park_tiny_pond, skrybe_limestone_x, grunt_ministairs_10,
          hex_large, uniq_pikel, uniq_crazy_yiuf_cottage
D:7:      layout_basic, uniq_duvessa
D:8:      layout_loops_ring, tgw_kikubaaqudgha, uniq_harold,
          uniq_prince_ribbit1, uniq_erica
D:9:      layout_gridville, mainiacjoe_overflow_divided_tiny,
          minmay_starry_boxes
Temple:   regret_index_temple_generic_petals

Skill      XL: |  1  2  3  4  5  6  7  8  9 10 |
---------------+-------------------------------+-----
Armour         | 4 5 6 7 8 9 10 | 10.7
Fighting       | 4 5 6 7 8 10 | 10.2
Axes           | 3 4 5 6 8 10 11 | 11.7
Dodging        | 1 2 3 |  3.8
Shields        | 4 5 6 7 |  7.8
Stealth        | 1 |  1.5
Invocations    | |  0.2
Evocations     | |  0.2

Action                   |  1- 3 |  4- 6 |  7- 9 | 10-12 || total
-------------------------+-------+-------+-------+-------++-------
Melee: War axe           |    88 |    99 |   266 |   254 ||   707
       Headbutt          |    11 |    16 |    52 |    48 ||   127
Evoke: Wand              |       |       |       |    11 ||    11
  Use: Scroll            |       |     6 |     8 |     7 ||    21
       Potion            |       |     3 |     1 |    10 ||    14
Armor: Scale mail        |    56 |    48 |   144 |       ||   248
       Plate armour      |       |       |       |   202 ||   202
Dodge: Dodged            |    34 |    31 |    81 |    81 ||   227
Block: Kite shield       |    49 |    44 |   103 |   133 ||   329

Table legend: (Time is in decaauts)
 A = Elapsed time spent in this place.
 B = Non-inter-level travel time spent in this place.
 C = Inter-level travel time spent in this place.
 D = Time resting spent in this place.
 E = Time spent auto-exploring this place.
 F = Levels seen in this place.
 G = Mean time per level.
                   A        B        C        D        E       F      G
               +--------+--------+--------+--------+--------+-----+--------+
         Total |  11155 |  10796 |    359 |   1273 |   7642 |  11 | 1014.1 |
       Dungeon |  10527 |  10192 |    335 |   1273 |   7190 |   9 | 1169.7 |
        Temple |    218 |    195 |     23 |      0 |    188 |   1 |  218.0 |
       Ossuary |    409 |    409 |      0 |      0 |    264 |   1 |  409.0 |
               +--------+--------+--------+--------+--------+-----+--------+

Top non-repeatable levels by time:
     D:6: 1573 daAuts
     D:9: 1518 daAuts
     D:3: 1414 daAuts
     D:1: 1353 daAuts
     D:5: 1141 daAuts
     D:8: 990 daAuts
     D:4: 860 daAuts
     D:2: 846 daAuts
     D:7: 829 daAuts
 Ossuary: 409 daAuts
  Temple: 218 daAuts
